 Dungeon Crawl Stone Soup version 0.24-a0-355-gbe4061de67 (webtiles) character file.

Game seed: 9415211273169924307

160 night the Magician (level 5, 0/37 HPs)
             Began as a Gnoll Wizard on May 24, 2019.
             Slain by an orc
             ... wielding a +0 flail
              (7 damage)
             ... on level 3 of the Dungeon.
             The game lasted 00:07:05 (3302 turns).

night the Magician (Gnoll Wizard)                   Turns: 3302, Time: 00:07:05

Health: 0/37       AC:  7    Str:  9    XL:     5   Next: 41%
Magic:  2/14       EV:  9    Int: 22    God:
Gold:   93         SH:  0    Dex: 13    Spells: 9/18 levels left

rFire    . . .     SeeInvis .   n - +0 dagger
rCold    + . .     Gourm    .   (no shield)
rNeg     . . .     Faith    .   s - +0 scale mail (curse)
rPois    .         Spirit   .   b - +0 hat
rElec    .         Reflect  .   (no cloak)
rCorr    .         Harm     .   (no gloves)
MR       .....                  q - +0 pair of boots
Stlth    +.........             (no amulet)
HPRegen  0.12/turn              o - ring of protection from cold
MPRegen  0.14/turn              (no ring)

@: very slightly contaminated, drained
A: distributed training, fangs 1, strong nose
a: no special abilities


You were on level 3 of the Dungeon.
You were not hungry.

You visited 1 branch of the dungeon, and saw 3 of its levels.

You collected 93 gold pieces.

Inventory:

Hand Weapons
 n - a +0 dagger (weapon)
Missiles
 g - 142 stones (quivered)
 k - 13 arrows
 r - 15 sling bullets
Armour
 a - a +0 robe
 b - a +0 hat (worn)
 q - a +0 pair of boots (worn)
 s - a cursed +0 scale mail (worn)
Jewellery
 o - a ring of protection from cold (left hand)
Scrolls
 e - a scroll of teleportation
 h - a scroll of amnesia
Potions
 c - a potion of ambrosia {unknown}
 f - a potion of flight {unknown}
 i - 2 potions of brilliance
 m - a potion of heal wounds {unknown}
Comestibles
 d - 4 rations


   Skills:
 + Level 1.4(0.6) Fighting
 + Level 1.4(0.6) Short Blades
 + Level 1.4(0.6) Long Blades
 + Level 1.4(0.6) Axes
 + Level 1.4(0.6) Maces & Flails
 + Level 1.4(0.6) Polearms
 + Level 1.4(0.6) Staves
 + Level 1.4(0.6) Slings
 + Level 1.4(0.6) Bows
 + Level 1.4(0.6) Crossbows
 + Level 1.4(0.6) Throwing
 + Level 1.4(0.6) Armour
 + Level 4.8(3.8) Dodging
 + Level 4.4(3.5) Stealth
 + Level 1.4(0.6) Shields
 + Level 1.4(0.6) Unarmed Combat
 + Level 7.3(6.3) Spellcasting
 + Level 2.4(1.5) Conjurations
 + Level 1.1(0.3) Hexes
 + Level 1.1(0.3) Charms
 + Level 2.4(1.5) Summonings
 + Level 1.1(0.3) Necromancy
 + Level 2.4(1.5) Translocations
 + Level 1.1(0.3) Transmutations
 + Level 1.1(0.3) Fire Magic
 + Level 1.1(0.3) Ice Magic
 + Level 1.1(0.3) Air Magic
 + Level 1.1(0.3) Earth Magic
 + Level 1.1(0.3) Poison Magic
 + Level 1.6(0.8) Invocations
 + Level 1.4(0.6) Evocations


You had 9 spell levels left.
You knew the following spells:

 Your Spells              Type           Power        Failure   Level  Hunger
a - Magic Dart            Conj           ##..         36%         1    None
b - Call Imp              Summ           ##......     52%         2    None
c - Mephitic Cloud        Conj/Pois/Air  ##......     85%         3    #......
d - Conjure Flame         Conj/Fire      ##......     83%         3    #......

Your spell library contained the following spells:

 Spells                   Type           Power        Failure   Level  Hunger
 Blink                    Tloc           N/A          52%         2    None
 Slow                     Hex            #.......     67%         2    None


Dungeon Overview and Level Annotations

Branches:
Dungeon (3/15)

Altars:
Ashenzari
The Shining One


Innate Abilities, Weirdness & Mutations

Your experience applies equally to all skills.
You have very sharp teeth.
Your uncanny sense of smell can sniff out nearby items.


Message History

The orc closely misses you. The orc priest closely misses you.
Your crimson imp barely misses the orc.
You completely miss the orc priest. The orc hits you but does no damage. x2
You closely miss the orc priest. Your bite misses the orc priest.
The orc priest miscasts a cantrip.
Your crimson imp closely misses the orc.
The orc hits you but does no damage. The orc closely misses you.
You barely miss the orc priest.
Your crimson imp hits the orc.
The orc priest barely misses you. The orc hits you with a +3 war axe.
The orc closely misses you. The orc misses you.
You are too injured to fight recklessly!
You completely miss the orc.
The orc is moderately wounded.
Your crimson imp hits the orc.
The orc priest hits you with a +0 hand axe!
The orc hits you with a +3 war axe.
* * * LOW HITPOINT WARNING * * *
The orc barely misses you.
Your crimson imp hits the orc.
The orc hits you with a +0 flail!
You die...

###.................
##...#............$..
#...........##..)....
#.#....##..##..##....
#.)#........#..##
###. #. #.....##...##
#.....#...##
#..o.o...##
#.@o.##).# #.oo.#..##
#5...#.## #....#.
######o #. #o


oo You could see an orc priest, 4 orcs and a friendly crimson imp.

Vanquished Creatures
  7 adders
  An ooze (D:1)
  2 worms (D:2)
  A dart slug (D:1)
  3 leopard geckos
  An orc (D:2)
  2 giant cockroaches (D:3)
  10 hobgoblins
  10 jackals
  A quokka (D:2)
  12 bats
  2 frilled lizards (D:2)
  9 goblins
  9 kobolds
  8 rats
78 creatures vanquished.

Vanquished Creatures (collateral kills)
  2 orcs (D:2)
2 creatures vanquished.

Grand Total: 80 creatures vanquished

Notes
Turn   | Place    | Note
-------+----------+-------------------------------------------
     0 | D:1      | night the Gnoll Wizard began the quest for the Orb.
     0 | D:1      | Reached XP level 1. HP: 13/13 MP: 8/8
   158 | D:1      | Reached XP level 2. HP: 19/19 MP: 5/10
   644 | D:1      | Learned a level 2 spell: Call Imp
   672 | D:1      | Found a glowing golden altar of the Shining One.
   847 | D:1      | Reached XP level 3. HP: 25/25 MP: 7/11
  1029 | D:1      | Learned a level 3 spell: Mephitic Cloud
  1033 | D:1      | Learned a level 3 spell: Conjure Flame
  1430 | D:2      | Reached skill level 1 in Invocations
  1630 | D:2      | Reached skill level 1 in Fighting
  1630 | D:2      | Reached skill level 1 in Short Blades
  1630 | D:2      | Reached skill level 1 in Long Blades
  1630 | D:2      | Reached skill level 1 in Axes
  1630 | D:2      | Reached skill level 1 in Maces & Flails
  1630 | D:2      | Reached skill level 1 in Polearms
  1630 | D:2      | Reached skill level 1 in Staves
  1630 | D:2      | Reached skill level 1 in Slings
  1630 | D:2      | Reached skill level 1 in Bows
  1630 | D:2      | Reached skill level 1 in Crossbows
  1630 | D:2      | Reached skill level 1 in Throwing
  1630 | D:2      | Reached skill level 1 in Armour
  1630 | D:2      | Reached skill level 1 in Shields
  1630 | D:2      | Reached skill level 1 in Unarmed Combat
  1630 | D:2      | Reached skill level 1 in Evocations
  1630 | D:2      | Reached XP level 4. HP: 24/32 MP: 4/13
  2041 | D:2      | Found a shattered altar of Ashenzari.
  2252 | D:2      | Reached skill level 1 in Hexes
  2252 | D:2      | Reached skill level 1 in Charms
  2252 | D:2      | Reached skill level 1 in Necromancy
  2252 | D:2      | Reached skill level 1 in Transmutations
  2252 | D:2      | Reached skill level 1 in Fire Magic
  2252 | D:2      | Reached skill level 1 in Ice Magic
  2252 | D:2      | Reached skill level 1 in Air Magic
  2252 | D:2      | Reached skill level 1 in Earth Magic
  2252 | D:2      | Reached skill level 1 in Poison Magic
  2578 | D:3      | Reached XP level 5. HP: 26/37 MP: 6/14
  3302 | D:3      | Slain by an orc

Levels and vault maps discovered:
D:1:      erik_arrival_cave_to_civilisation [erik_arrival_cave_to_hall],
          layout_basic, minmay_hexomino_r4
D:2:      layout_loops_ring, nicolae_overflow_hidden_temple
D:3:      layout_rooms

Skill      XL: |  1  2  3  4 |
---------------+-------------+-----
Conjurations   | 2 |  2.4
Summonings     | 2 |  2.4
Translocations | 2 |  2.4
Invocations    | 1 |  1.6
Fighting       | 1 |  1.4
Short Blades   | 1 |  1.4
Long Blades    | 1 |  1.4
Axes           | 1 |  1.4
Maces & Flails | 1 |  1.4
Polearms       | 1 |  1.4
Staves         | 1 |  1.4
Slings         | 1 |  1.4
Bows           | 1 |  1.4
Crossbows      | 1 |  1.4
Throwing       | 1 |  1.4
Armour         | 1 |  1.4
Shields        | 1 |  1.4
Unarmed Combat | 1 |  1.4
Evocations     | 1 |  1.4
Hexes          | 1 |  1.1
Charms         | 1 |  1.1
Necromancy     | 1 |  1.1
Transmutations | 1 |  1.1
Fire Magic     | 1 |  1.1
Ice Magic      | 1 |  1.1
Air Magic      | 1 |  1.1
Earth Magic    | 1 |  1.1
Poison Magic   | 1 |  1.1
Dodging        | |  4.8
Stealth        | |  4.4
Spellcasting   | |  7.3

Action                   |  1- 3 |  4- 6 || total
-------------------------+-------+-------++-------
Melee: Unarmed           |     6 |     4 ||    10
       Dagger            |       |    26 ||    26
       Bite              |       |     1 ||     1
 Cast: Magic Dart        |    91 |   104 ||   195
       Call Imp          |     1 |     2 ||     3
       Mephitic Cloud    |     1 |       ||     1
  Use: Scroll            |       |     3 ||     3
 Stab: Sleeping          |       |     2 ||     2
  Eat: Chunk             |     2 |     5 ||     7
Armor: Robe              |     3 |     6 ||     9
       Scale mail        |       |    46 ||    46
Dodge: Dodged            |    17 |    78 ||    95

Table legend:
 A = Non-vault XP
 B = Vault XP
 C = Vault XP percentage of total XP
 D = Non-vault monster count
 E = Vault monster count
 F = Vault count percentage of total count
                 A         B        C        D         E       F
            +---------+---------+-------+---------+---------+-------
      Total |     220 |       9 |   3.9 |      74 |       6 |   7.5
            +---------+---------+-------+---------+---------+-------
        D:1 |      44 |       9 |  17.0 |      25 |       6 |  19.4
        D:2 |     112 |       0 |   0.0 |      35 |       0 |   0.0
        D:3 |      64 |       0 |   0.0 |      14 |       0 |   0.0
            +---------+---------+-------+---------+---------+-------
